 Dungeon Crawl Stone Soup version 0.21.1-1-g345015f (webtiles) character file.

4476 Firecrotchwizard the Cleaver (level 10, 0/89 HPs)
             Began as a Minotaur Gladiator on May 17, 2018.
             Was an Initiate of Makhleb.
             Killed from afar by an electric eel (7 damage)
             ... with a bolt of electricity
             ... on level 9 of the Dungeon.
             The game lasted 00:14:35 (7887 turns).

Firecrotchwizard the Cleaver (Minotaur Gladiator)   Turns: 7887, Time: 00:14:35

Health: 0/89       AC: 14    Str: 19    XL:     10   Next: 15%
Magic:  9/9        EV: 22    Int:  5    God:    Makhleb [......]
Gold:   441        SH:  0    Dex: 20    Spells: 9/9 levels left

rFire    . . .     SeeInvis .   r - +2 battleaxe (curse)
rCold    + . .     Gourm    .   (shield currently unavailable)
rNeg     + . .     Faith    .   z - +0 chain mail
rPois    .         Spirit   .   c - +0 hat
rElec    .         Reflect  .   A - +2 cloak
rCorr    .         Harm     .   (no gloves)
MR       .....     Clarity  +   (no boots)
Stlth    ..........             (no amulet)
HPRegen  0.24/turn              x - ring of positive energy {rN+}
MPRegen  0.11/turn              I - +4 ring of evasion

@: agile
A: retaliatory headbutt, horns 2, blink, clarity, cold resistance 1
a: Blink, Renounce Religion


You were on level 9 of the Dungeon.
You worshipped Makhleb.
Makhleb was noncommittal.
You were hungry.

You visited 2 branches of the dungeon, and saw 10 of its levels.

You collected 441 gold pieces.

Inventory:

Hand Weapons
 a - a +1 war axe
 r - a cursed +2 battleaxe (weapon)
   (You took it off a wight on level 9 of the Dungeon)
Missiles
 d - 3 throwing nets {=f, !d}
Armour
 c - a +0 hat (worn)
 z - a +0 chain mail (worn)
   (You took it off a hobgoblin on level 3 of the Dungeon)
 A - a +2 cloak (worn)
   (You found it on level 3 of the Dungeon)
 C - a +0 plate armour
   (You found it on level 4 of the Dungeon)
Jewellery
 q - an uncursed ring of protection from fire {rF+, !d}
   (You found it on level 2 of the Dungeon)
 x - a ring of positive energy (left hand) {rN+}
   (You found it on level 8 of the Dungeon)
 I - a +4 ring of evasion (right hand)
   (You found it on level 7 of the Dungeon)
Wands
 N - a wand of iceblast (10)
   (You took it off Pikel on level 6 of the Dungeon)
Scrolls
 e - 7 scrolls of identify
 h - 2 scrolls of noise {!r}
 l - 5 scrolls of remove curse
 m - 2 scrolls of immolation {!r}
 s - a scroll of fog
 t - 4 scrolls of teleportation
 y - 4 scrolls of amnesia
 J - a scroll of random uselessness
Potions
 b - 4 potions of lignification {!q}
 g - a potion of might {unknown}
 i - 4 potions of mutation {!q}
 j - a potion of heal wounds {unknown}
 k - a potion of ambrosia {unknown}
 n - a potion of agility
 o - 4 potions of flight
 p - 4 potions of resistance {unknown}
 v - a potion of brilliance {unknown}
 w - 2 potions of curing
 D - a potion of degeneration {unknown}
 E - a potion of berserk rage {unknown}
Books
 H - a book of Maledictions
   (You found it on level 7 of the Dungeon)
Comestibles
 f - 19 rations {@e1}


   Skills:
 + Level 8.3 Fighting
 * Level 11.6 Axes
 - Level 2.0 Throwing
 + Level 7.8 Armour
 + Level 8.0 Dodging


You had 9 spell levels left.
You didn't know any spells.

Dungeon Overview and Level Annotations

Branches:
Dungeon (9/15)             Temple (1/1) D:6
   Lair: D:8-11         Orc: D:9-12

Altars:
Ashenzari
Cheibriados
Dithmenos
Elyvilon
Fedhas
Gozag
Hepliaklqana
Kikubaaqudgha
Makhleb
Nemelex Xobeh
Okawaru
Qazlal
Ru
Sif Muna
Trog
Uskayaw
Vehumet
Wu Jian
Xom
Yredelemnul
Zin
The Shining One

Shops:
D:3 *   D:8 (


Innate Abilities, Weirdness & Mutations

You reflexively headbutt those who attack you in melee.
You have a pair of horns on your head.
You can translocate small distances at will.
You possess an exceptional clarity of mind.
Your flesh is cold resistant. (rC+)


Message History

The bolt of electricity hits you!
You take 1 damage, and have 80/88 hp.
The electric eel shoots out a bolt of lightning at you!
The bolt of electricity hits you!
The bullfrog hits you but does no damage.
There is an open gate here.
You take 1 damage, and have 79/88 hp.
The bullfrog completely misses you. You furiously retaliate!
You headbutt the bullfrog. You slash the bullfrog!
You kill the bullfrog!
Makhleb accepts your kill.
You slash the wight!
You destroy the wight!
Makhleb accepts your kill.
You hit the ice beast. The ice beast closely misses you.
You barely miss the ice beast. You headbutt the ice beast!
The ice beast barely misses you. You furiously retaliate!
You headbutt the ice beast! You slash the ice beast!
You kill the ice beast!
Makhleb accepts your kill.
Your Dodging skill increases to level 8!
The wight barely misses you. You furiously retaliate!
You headbutt the wight!
You regained 2 hp, and now have 82/89 hp.
You slash the wight!
You headbutt the wight, but do no damage.
You barely miss the wight. The wight closely misses you.
You slice the wight!!
You destroy the wight!
Makhleb accepts your kill.
You hit the wight but do no damage. The wight misses you.
You furiously retaliate!
You headbutt the wight. The wight hits you but does no damage.
The electric eel shoots out a bolt of lightning at you!
The bolt of electricity misses you.
Items here: )) [[ † an enchanted battleaxe; a robe; an enchanted flail; a robe; a bullfrog corpse The wight misses you.
You slash the wight!
You destroy the wight!
Makhleb accepts your kill.
Things that are here:
an enchanted hand axe; a robe The electric eel shoots out a bolt of lightning at you!
The bolt of electricity hits you!
Items here: )) [[ † an enchanted battleaxe; a robe; an enchanted flail; a robe; a bullfrog corpse You take 14 damage, and have 69/89 hp.
r - an enchanted battleaxe It sticks to your hand!
r - a cursed +2 battleaxe (weapon)
You start resting.
Health restored: 89 You may need something to eat soon, looking for food.
Can't find anything matching that.
Okay, then.
The electric eel shoots out a bolt of lightning at you!
The bolt of electricity hits you!
Items here: ) [[ † a robe; an enchanted flail; a robe; a bullfrog corpse You take 11 damage, and have 78/89 hp.
The electric eel shoots out a bolt of lightning at you!
The bolt of electricity hits you!
There is an open gate here.
You take 8 damage, and have 70/89 hp.
An electric eel comes into view.
The electric eel shoots out a bolt of lightning at you!
The bolt of electricity hits you!
You take 8 damage, and have 62/89 hp.
The electric eel shoots out a bolt of lightning at you!
The bolt of electricity hits you!
The electric eel shoots out a bolt of lightning at you!
The bolt of electricity hits you!
You take 2 damage, and have 60/89 hp.
The electric eel shoots out a bolt of lightning at you!
The bolt of electricity hits you!
The electric eel shoots out a bolt of lightning at you!
The bolt of electricity hits you!
You are too injured to fight recklessly!
You take 15 damage, and have 45/89 hp.
You are too injured to fight recklessly!
The electric eel shoots out a bolt of lightning at you!
The bolt of electricity hits you!
The electric eel shoots out a bolt of lightning at you!
The bolt of electricity hits you!
* * * LOW HITPOINT WARNING * * *
You hit the electric eel. You headbutt the electric eel.
The electric eel shoots out a bolt of lightning at you!
The bolt of electricity hits you!
* * * LOW HITPOINT WARNING * * *
The electric eel shoots out a bolt of lightning at you!
The bolt of electricity hits you!
* * * LOW HITPOINT WARNING * * *
You take 39 damage, and have 6/89 hp.
MASSIVE DAMAGE!!
You feel agile all of a sudden.
The electric eel shoots out a bolt of lightning at you!
The bolt of electricity hits you!
You die...

≈≈≈≈≈..#.......#
≈≈≈≈≈≈..#...<...#
≈≈≈≈≈≈..##.)...## .
≈≈≈≈≈≈...##[..##...
.≈≈≈≈≈≈...#'''#....
..≈≈≈≈≈............
..≈≈≈≈≈≈...........
..........†........
.......@...........
...;≈≈≈;..(.P...P..
....≈≈≈≈≈.P.P.P..)P
....≈≈≈≈≈...P.....$
....≈≈≈≈≈.P.P......
....≈≈≈≈≈.P.P...P.P
+...≈≈≈≈≈.P.P...
##..≈≈≈≈≈≈..P.P


You could see 2 electric eels.

Vanquished Creatures
  A two-headed ogre (D:8)
  Pikel (D:6)
  Joseph (D:8)
  Sigmund (D:5)
  Menkaure (D:7)
  A sky beast (D:8)
  2 ice beasts
  A phantom (D:4)
  3 centaurs
  5 ogres
  Blork the orc (D:5)
  5 bullfrogs
  3 scorpions
  3 wights (D:9)
  4 howler monkeys
  A crimson imp (D:5)
  A centaur zombie (D:8)
  3 hounds
  3 orc priests
  A bullfrog skeleton (D:4)
  3 jellies (D:8)
  4 orc wizards
  A centaur skeleton (D:7)
  4 worker ants
  A worker ant zombie (D:6)
  8 adders
  4 gnolls (D:7)
  6 oozes
  An adder skeleton (D:4)
  2 worms
  5 dart slugs
  3 leopard geckos
  12 orcs
  2 bat zombies (D:1)
  2 giant cockroaches
  16 goblins
  13 hobgoblins
  22 jackals
  12 kobolds
  5 quokkas
  8 bats
  6 frilled lizards
  A quokka zombie (D:6)
  6 rats
189 creatures vanquished.

Notes
Turn   | Place    | Note
-------+----------+-------------------------------------------
     0 | D:1      | Firecrotchwizard the Minotaur Gladiator began the quest for the Orb.
     0 | D:1      | Reached XP level 1. HP: 18/18 MP: 0/0
   168 | D:1      | Reached XP level 2. HP: 21/25 MP: 1/1
   173 | D:1      | Reached skill level 4 in Axes
   321 | D:1      | Reached skill level 1 in Armour
   504 | D:1      | Reached XP level 3. HP: 23/30 MP: 2/2
   608 | D:1      | Reached skill level 3 in Fighting
  1069 | D:2      | Reached XP level 4. HP: 38/38 MP: 3/3
  1314 | D:2      | Reached skill level 2 in Armour
  1361 | D:2      | Reached skill level 5 in Axes
  1379 | D:2      | Found a sparkling altar of Nemelex Xobeh.
  1623 | D:2      | Found a glowing golden altar of the Shining One.
  1690 | D:2      | Reached skill level 4 in Dodging
  1914 | D:3      | Reached XP level 5. HP: 43/45 MP: 4/4
  1944 | D:3      | Found a faded altar of an unknown god.
  2216 | D:3      | Found Zin's Purification Station.
  2250 | D:3      | Found a glowing silver altar of Zin.
  2783 | D:4      | Reached skill level 4 in Fighting
  2783 | D:4      | Reached XP level 6. HP: 51/52 MP: 5/5
  2806 | D:4      | Reached skill level 6 in Axes
  2806 | D:4      | Reached skill level 3 in Armour
  2969 | D:4      | Found a blossoming altar of Fedhas.
  2985 | D:4      | Reached XP level 7. HP: 16/60 MP: 6/6
  3472 | D:4      | Reached skill level 5 in Dodging
  3643 | D:5      | Entered Level 5 of the Dungeon
  3672 | D:5      | Found a shadowy altar of Dithmenos.
  3751 | D:5      | Reached skill level 7 in Axes
  3752 | D:5      | Reached skill level 4 in Armour
  3754 | D:5      | Reached skill level 5 in Fighting
  4267 | D:5      | Reached skill level 8 in Axes
  4267 | D:5      | Reached XP level 8. HP: 54/69 MP: 7/7
  4491 | D:5      | Noticed Sigmund
  4503 | D:5      | Gained mutation: You can translocate small distances at will. [potion of mutation]
  4503 | D:5      | Gained mutation: You possess an exceptional clarity of mind. [potion of mutation]
  4503 | D:5      | Gained mutation: Your flesh is cold resistant. (rC+) [potion of mutation]
  4510 | D:5      | Killed Sigmund
  4510 | D:5      | Reached skill level 5 in Armour
  4570 | D:5      | You fall through a shaft for 2 floors!
  4579 | D:7      | Reached skill level 6 in Fighting
  4579 | D:7      | Reached skill level 6 in Dodging
  4742 | D:7      | Reached skill level 9 in Axes
  4815 | D:7      | Noticed Menkaure
  4826 | D:7      | Killed Menkaure
  5668 | D:6      | Noticed Pikel
  5720 | D:6      | Killed Pikel
  5720 | D:6      | Reached skill level 7 in Fighting
  5720 | D:6      | Reached skill level 10 in Axes
  5720 | D:6      | Reached skill level 6 in Armour
  5720 | D:6      | Reached XP level 9. HP: 76/79 MP: 8/8
  5917 | D:6      | Found a deep blue altar of Sif Muna.
  6074 | D:6      | Found a staircase to the Ecumenical Temple.
  6081 | Temple   | Entered the Ecumenical Temple
  6189 | Temple   | Became a worshipper of Makhleb the Destroyer
  6361 | D:8      | Reached skill level 7 in Dodging
  6427 | D:5      | Noticed Blork the orc
  6434 | D:5      | Killed Blork the orc
  6908 | D:8      | Noticed a two-headed ogre
  6917 | D:8      | Killed a two-headed ogre
  6917 | D:8      | Reached skill level 7 in Armour
  6921 | D:8      | Found Xaehur Vucu's Antique Weapon Emporium.
  6956 | D:8      | Noticed Joseph
  6983 | D:8      | Killed Joseph
  6983 | D:8      | Reached skill level 8 in Fighting
  6983 | D:8      | Reached skill level 11 in Axes
  7176 | D:8      | Reached XP level 10. HP: 88/88 MP: 9/9
  7344 | D:8      | Found a deep blue altar of Sif Muna.
  7346 | D:8      | Found an iron altar of Okawaru.
  7346 | D:8      | Found an ornate altar of the Wu Jian Council.
  7347 | D:8      | Found a sparkling altar of Nemelex Xobeh.
  7791 | D:9      | Reached skill level 8 in Dodging
  7886 | D:9      | HP: 17/89 [electric eel/bolt of electricity (8)]
  7886 | D:9      | HP: 6/89 [electric eel/bolt of electricity (11)]
  7887 | D:9      | Killed from afar by an electric eel

Skill      XL: |  1  2  3  4  5  6  7  8  9 10 |
---------------+-------------------------------+-----
Axes           | 4 5 6 8 10 11 | 11.6
Armour         | 1 2 3 4 6 7 |  7.8
Fighting       | 3 4 5 7 8 |  8.3
Dodging        | 4 5 6 7 8 |  8.0
Throwing       | |  2.0

Action                   |  1- 3 |  4- 6 |  7- 9 | 10-12 || total
-------------------------+-------+-------+-------+-------++-------
Melee: War axe           |    67 |   129 |   196 |    37 ||   429
       Headbutt          |    10 |    26 |    54 |    10 ||   100
       Battleaxe         |       |       |       |     1 ||     1
Evoke: Wand              |       |       |     3 |       ||     3
  Use: Potion            |       |       |     3 |     1 ||     4
       Scroll            |       |       |    12 |     3 ||    15
  Eat: Chunk             |     1 |     6 |    10 |     1 ||    18
       Ration            |       |       |     1 |       ||     1
Armor: Leather armour    |    23 |    12 |       |       ||    35
       Chain mail        |       |    30 |    81 |    12 ||   123
Dodge: Dodged            |    73 |    77 |   121 |    31 ||   302

Vault maps used:
D:1:      saegor_arrival_fortress
D:2:      marbit_many_paths, minmay_misc_feat_diagonals,
          nemelex_diamond_rough_becter
D:3:      zin_purify, chequers_ecumenical_altar_island, serial_park_tiny_2,
          grunt_ministairs_8, minmay_cupped
D:4:      fedhas_bush_and_centaur_altar, minmay_goblin_kobold_house
D:5:      first_ration, grunt_dithmenos_smoke_and_mirrors, uniq_blork_the_orc,
          uniq_sigmund
D:6:      minmay_temple_entry_enclosed_plants, basic_altar, uniq_pikel
D:7:      uniq_menkaure
D:8:      minitemple, serial_shops, shop, hangedman_little_slice_of_home,
          kennysheep_pointless_box, hangedman_decor_opposing, uniq_joseph
D:9:      kennysheep_town, uniq_maurice
Temple:   regret_index_temple_waves

Table legend:
 A = Turns spent in this place as a percentage of turns spent in the entire game.
 B = Non-inter-level travel turns spent in this place as a percentage of non-inter-level travel turns spent in the entire game.
 C = Inter-level travel turns spent in this place as a percentage of turns spent in this place.
 D = Turns resting spent in this place as a percentage of non-inter-level travel turns spent in this place.
 E = Turns spent auto-exploring this place as a percentage of non-inter-level travel turns spent in this place.
 F = Non-inter-level travel turns spent in this place divided by the number of levels of this place that you've seen.
                   A       B       C       D       E      F
               +-------+-------+-------+-------+-------+----------------------
         Total | 100.0 | 100.0 |   4.8 |  24.7 |  61.3 | 751.2
       Dungeon |  98.4 |  98.7 |   4.4 |  25.0 |  60.8 | 823.8
        Temple |   1.6 |   1.3 |  24.0 |   0.0 |  98.0 |  98.0
               +-------+-------+-------+-------+-------+----------------------

Table legend:
 A = Kills in this place as a percentage of kills in entire the game.
 B = Kills by you in this place as a percentage of kills by you in the entire game.
 C = Kills by friends in this place as a percentage of kills by friends in the entire game.
 D = Other kills in this place as a percentage of other kills in the entire game.
 E = Experience gained in this place as a percentage of experience gained in the entire game.
 F = Experience gained in this place divided by the number of levels of this place that you have seen.
                   A       B       C       D       E      F
               +-------+-------+-------+-------+-------+----------------------
         Total | 100.0 | 100.0 |   N/A |   N/A | 100.0 | 639.5
       Dungeon | 100.0 | 100.0 |   N/A |   N/A | 100.0 | 710.6
               +-------+-------+-------+-------+-------+----------------------
